 Dungeon Crawl Stone Soup version 0.22.1-2-g9c5b331 (webtiles) character file.

1066 HoaS the Ruffian (level 8, 0/52 HPs)
             Began as a Gargoyle Berserker on Dec 26, 2018.
             Was a Priest of Trog.
             Slain by an orc warrior
             ... wielding a +0 glaive
              (17 damage)
             ... on level 6 of the Dungeon on Dec 27, 2018.
             The game lasted 00:19:24 (4385 turns).

HoaS the Ruffian (Gargoyle Berserker)               Turns: 4385, Time: 00:19:24

Health: 0/52       AC: 21    Str: 22    XL:     8   Next: 28%
Magic:  8/8        EV:  8    Int:  7    God:    Trog [***...]
Gold:   293        SH:  0    Dex: 14    Spells: 7/7 levels left

rFire    . . .     SeeInvis .     - Unarmed
rCold    . . .     Gourm    .   (no shield)
rNeg     + . .     Faith    .   q - +0 chain mail
rPois    ∞         Spirit   .   n - +2 hat
rElec    +         Reflect  .   (no cloak)
rCorr    .         Harm     .   a - +2 pair of gloves
MR       ++...                  k - +0 pair of boots
Stlth    ..........             l - amulet of the acrobat
HPRegen  1.17/turn              e - +3 ring of dexterity
MPRegen  0.11/turn              (no ring)

@: regenerating
A: negative energy resistance 1, electricity resistance, unbreathing,
petrification resistance, rot immunity, AC +5
a: Berserk, Trog's Hand, Renounce Religion


You were on level 6 of the Dungeon.
You worshipped Trog.
Trog was most pleased with you.
You were very full.

You visited 1 branch of the dungeon, and saw 6 of its levels.

You collected 293 gold pieces.

Inventory:

Armour
 a - a +2 pair of gloves (worn)
 k - a +0 pair of boots (worn)
 n - a +2 hat (worn)
 q - a +0 chain mail (worn)
Jewellery
 e - a +3 ring of dexterity (left hand)
 l - an amulet of the acrobat (around neck)
Wands
 m - a wand of enslavement (12)
 t - a wand of paralysis (8)
Scrolls
 o - a scroll of teleportation
 p - a scroll of identify
 u - a scroll of fog
Potions
 c - 2 potions of mutation
 d - 2 potions of agility
 f - 5 potions of curing
 g - 3 potions of lignification
 i - a potion of cancellation
 j - a potion of heal wounds
 w - a potion of flight
Comestibles
 b - 11 rations
 h - 3 chunks of flesh


   Skills:
 * Level 6.7 Fighting
 + Level 4.6 Armour
 - Level 1.5 Dodging
 * Level 7.4 Unarmed Combat


You had 7 spell levels left.
You didn't know any spells.
Your spell library was empty.

Dungeon Overview and Level Annotations

Branches:
Dungeon (6/15)
 Temple: D:4-7

Altars:
Gozag
Kikubaaqudgha
Makhleb
Ru
Sif Muna
Yredelemnul
Zin
The Shining One


Innate Abilities, Weirdness & Mutations

You are resistant to torment.
Your stone body is resilient. (AC +5)
You are immune to poison.
You resist negative energy. (rN+)
You are resistant to electric shocks. (rElec)
You can survive without breathing.
You are immune to petrification.
You are immune to rotting.


Message History

The orc barely misses you.
You hit the orc but do no damage. You punch the orc!
You kill the orc!
Trog accepts your kill.
The orc warrior hits you but does no damage.
The orc hits you from afar with a trident.
The orc warrior completely misses you.
You see here a hand axe.
You hit the orc warrior.
The orc warrior is heavily wounded.
The orc barely misses you.
The orc warrior hits you but does no damage.
You hit the orc warrior but do no damage.
The orc warrior is heavily wounded.
The orc hits you but does no damage.
You punch the orc warrior!
The orc warrior is almost dead.
The orc warrior hits you with a glaive!
You die...

...)... ######## #.
....... #......# #.
....... #....#.# #.
....... ####.#.# ##
....... #.#.# ##
.....5o#######.#.#########
#.
<......o.o..#..#.........#
#.
#.###'#.#.#.#5##########.#
#. # #.....ooo@.........#
## #.#####.#o############
##.......#.# ##########
...........# #........)
........#### #.......". #
.######)# #......... # #
#......# #......... #
#.#.###### #......... #
#.#)##### ##.........


You could see an orc warrior, an orc priest, a shadow imp and 2 orcs.

Vanquished Creatures
  An ice beast (D:6)
  A sky beast (D:4)
  2 ogres
  Blork the orc (D:6)
  2 bullfrogs (D:6)
  2 crimson imps (D:5)
  A centaur skeleton (D:3)
  An orc wizard (D:3)
  4 worker ants
  A killer bee zombie (D:4)
  8 gnolls
  7 adders
  3 howler monkey skeletons
  2 oozes
  An adder skeleton (D:6)
  4 worms
  2 dart slugs (D:3)
  3 leopard geckos
  16 orcs
  5 giant cockroaches
  5 goblins
  3 hobgoblins
  6 jackals
  2 quokkas
  2 ball pythons
  9 bats
  8 frilled lizards
  5 kobolds
  A leopard gecko skeleton (D:5)
  7 rats
115 creatures vanquished.

Notes
Turn   | Place    | Note
-------+----------+-------------------------------------------
     0 | D:1      | HoaS the Gargoyle Berserker began the quest for the Orb.
     0 | D:1      | Reached XP level 1. HP: 14/14 MP: 1/1
   131 | D:1      | Reached XP level 2. HP: 19/19 MP: 2/2
   850 | D:2      | Reached skill level 4 in Unarmed Combat
   889 | D:2      | Reached XP level 3. HP: 23/23 MP: 3/3
  1153 | D:2      | Reached ** piety under Trog
  1575 | D:3      | Reached XP level 4. HP: 28/28 MP: 4/4
  1616 | D:3      | Reached skill level 5 in Unarmed Combat
  1648 | D:3      | Reached XP level 5. HP: 21/32 MP: 5/5
  2002 | D:3      | Reached *** piety under Trog
  2220 | D:3      | Found a glowing silver altar of Zin.
  2221 | D:3      | Found an opulent altar of Gozag.
  2281 | D:3      | Reached XP level 6. HP: 38/38 MP: 6/6
  2370 | D:4      | Reached skill level 6 in Unarmed Combat
  2508 | D:4      | Noticed a sky beast
  2528 | D:4      | Killed a sky beast
  2528 | D:4      | Reached skill level 5 in Fighting
  2528 | D:4      | Reached XP level 7. HP: 44/44 MP: 7/7
  2679 | D:4      | Found a glowing golden altar of the Shining One.
  2759 | D:4      | Found an ancient bone altar of Kikubaaqudgha.
  2762 | D:4      | Found a sacrificial altar of Ru.
  2765 | D:4      | Found a burning altar of Makhleb.
  2768 | D:4      | Found a basalt altar of Yredelemnul.
  3134 | D:5      | Entered Level 5 of the Dungeon
  3301 | D:5      | Found a deep blue altar of Sif Muna.
  3472 | D:5      | Reached **** piety under Trog
  3797 | D:6      | Noticed Blork the orc
  3827 | D:6      | Killed Blork the orc
  3827 | D:6      | Reached skill level 7 in Unarmed Combat
  3832 | D:6      | Reached XP level 8. HP: 50/51 MP: 8/8
  4385 | D:6      | Slain by an orc warrior

Skill      XL: |  1  2  3  4  5  6  7 |
---------------+----------------------+-----
Unarmed Combat | 4 5 6 7 |  7.4
Fighting       | 4 5 6 |  6.7
Armour         | 3 4 |  4.6
Dodging        | |  1.5

Action                   |  1- 3 |  4- 6 |  7- 9 || total
-------------------------+-------+-------+-------++-------
Melee: Unarmed           |    93 |   217 |   177 ||   487
       Punch             |     4 |     7 |     5 ||    16
Invok: Trog's Hand       |     1 |     1 |     2 ||     4
       Berserk           |       |     1 |       ||     1
  Use: Scroll            |     5 |     6 |    10 ||    21
 Stab: Sleeping          |     2 |       |       ||     2
  Eat: Chunk             |     2 |    19 |     6 ||    27
       Ration            |       |     1 |       ||     1
Armor: Animal skin       |    26 |       |       ||    26
       Robe              |     7 |       |       ||     7
       Ring mail         |     2 |    32 |       ||    34
       Scale mail        |       |    68 |    22 ||    90
       Chain mail        |       |       |    88 ||    88
Dodge: Dodged            |    51 |   104 |    70 ||   225
